[Event "*** Titled Tuesday 3|2 Blitz (Late)"]
[Site "Chess.com"]
[Date "2016.11.01"]
[Round "8"]
[White "AlexanderL"]
[Black "jcgs1030"]
[Result "1-0"]
[WhiteElo "2594"]
[BlackElo "2283"]
[TimeControl "180+2"]
[EndTime "18:46:30 PDT"]
[Termination "AlexanderL won by resignation"]

1. d4 Nf6 2. c4 g6 3. Nc3 d5 4. cxd5 Nxd5 5. e4 Nxc3 6. bxc3 Bg7 7. Qa4+ Nd7 8. Nf3 O-O 9. Be2 c5 10. Qa3 Qc7 11. O-O b6 12. Bg5 Re8 13. Rfe1 Bb7 14.
Bb5 a6 15. Bxd7 Qxd7 16. dxc5 bxc5 17. Rad1 Qc7 18. Bh4 Rad8 19. Bg3 Qc8 20. Rxd8 Rxd8 21. Qb3 c4 22. Qb4 e6 23. h3 h6 24. Bd6 Qc6 25.
Be5 Bf8 26. Qb1 Rd3 27. Qc1 Qb5 28. Bd4 Qh5 29. Ne5 f5 30. Nxd3 cxd3 31. Qf4 fxe4 32. Qf6 d2 33. Qxe6+ 1-0

[Event "*** Titled Tuesday 3|2 Blitz (Late)"]
[Site "Chess.com"]
[Date "2016.11.01"]
[Round "8"]
[White "GMMelik"]
[Black "psv98"]
[Result "0-1"]
[WhiteElo "2372"]
[BlackElo "2609"]
[TimeControl "180+2"]
[EndTime "18:46:41 PDT"]
[Termination "psv98 won by resignation"]

1. e4 e5 2. Nf3 Nc6 3. Bc4 Bc5 4.
O-O d6 5. c3 Bg4 6. d3 Nf6 7.
h3 Be6 8. Bxe6 fxe6 9. d4 Bb6 10. dxe5 dxe5 11. Qe2 O-O 12. Be3 Nh5 13. Nxe5 Nxe5 14. Qxh5 Bxe3 15. fxe3 Rxf1+ 16. Kxf1 Qd3+ 17. Qe2 Rf8+ 18. Ke1 Qd6 19. Na3 Nd3+ 20. Kd1 Rf2 21. Nc4 Nxb2+ 22.
Kc1 Rxe2 23. Nxd6 cxd6 0-1

[Event "*** Titled Tuesday 3|2 Blitz (Late)"]
[Site "Chess.com"]
[Date "2016.11.01"]
[Round "8"]
[White "nonscitis"]
[Black "michaelk123"]
[Result "1-0"]
[WhiteElo "2318"]
[BlackElo "2145"]
[TimeControl "180+2"]
[EndTime "18:46:42 PDT"]
[Termination "nonscitis won on time"]

1. e4 e6 2. d4 d5 3. Nd2 c5 4.
Ngf3 cxd4 5. Nxd4 Nf6 6. Bd3 Nc6 7. Nxc6 bxc6 8. O-O Be7 9. b3 O-O 10. Qe2 a5 11. a4 Qb6 12. c4 Ba6 13. Bb2 g6 14.
Rab1 Rfd8 15. Qf3 d4 16. e5 Nd7 17. Qf4 Nc5 18. Be2 Qb4 19. Rfd1 d3 20. Bf3 Rac8 21. Bd4 Nd7 22. Ne4 c5 23. Bc3 Qb8 24. Rxd3 Nf8 25. Nd6 Bxd6 26. exd6 Nd7 27. Bg4 Rf8 28. Qh6 f6 29.
Bxe6+ Kh8 30. Bxd7 Rcd8 31. Be6 Rxd6 32. Rh3 Rf7 33.
Bxf7 1-0

[Event "*** Titled Tuesday 3|2 Blitz (Late)"]
[Site "Chess.com"]
[Date "2016.11.01"]
[Round "8"]
[White "Scott-fox21"]
[Black "BellJackson95"]
[Result "0-1"]
[WhiteElo "2171"]
[BlackElo "2242"]
[TimeControl "180+2"]
[EndTime "18:46:46 PDT"]
[Termination "BellJackson95 won by resignation"]

1. d4 Nf6 2. c4 c5 3. d5 e6 4. Nc3 exd5 5. cxd5 d6 6. Nf3 g6 7. Qa4+ Nbd7 8. Bf4 Nh5 9. Qe4+ Qe7 10.
Bxd6 Qxe4 11. Nxe4 f5 12. Bxf8 fxe4 13. Bd6 exf3 14.
exf3 Kf7 15. g4 Re8+ 16. Kd2 Nhf6 17. Bc4 Nb6 18. Bd3 c4 19. Be2 Rd8 20. Bg3 Nfxd5 21.
Kc2 Nb4+ 22. Kc1 Nd3+ 23. Kc2 Be6 24. Rad1 Rac8 25. Kb1 Na4 26. Rd2 b5 27. Rhd1 Naxb2 28. Rxb2 Nxb2 29. Kxb2 Rxd1 30. Bxd1 b4 31. Bd6 c3+ 32.
Kc2 a5 33. Kb1 Bxa2+ 34. Kxa2 c2 35. Bxc2 Rxc2+ 36. Kb3 Rxf2 37. f4 Rxh2 38. f5 Rh3+ 39. Ka4 Ra3+ 40. Kb5 gxf5 0-1

[Event "*** Titled Tuesday 3|2 Blitz (Late)"]
[Site "Chess.com"]
[Date "2016.11.01"]
[Round "8"]
[White "DanielNaroditsky"]
[Black "howitzer14"]
[Result "1/2-1/2"]
[WhiteElo "2746"]
[BlackElo "2776"]
[TimeControl "180+2"]
[EndTime "18:46:47 PDT"]
[Termination "Game drawn by agreement"]

1. d4 Nf6 2. Bf4 g6 3. Nc3 Bg7 4. e4 d6 5. Be2 O-O 6. Nf3 a6 7. a4 Nc6 8. O-O Bg4 9. d5 Nb4 10.
Nb1 a5 11. c3 Na6 12. Nbd2 c6 13. dxc6 bxc6 14. e5 Nh5 15. Be3 dxe5 16. h3 Be6 17. Ng5 Nf4 18. Bxf4 exf4 19. Nxe6 fxe6 20. Bxa6 Rxa6 21.
Qe2 Qc8 22. Qe4 c5 23. Nc4 Kh8 24. f3 Rf5 25. Rad1 Bf6 26. Rd2 Kg7 27. Rfd1 Qc6 28.
Qxc6 Rxc6 29. Rd7 Ra6 30. Kf2 Bh4+ 31. Ke2 Kh6 32. Rd8 Rg5 33. Kf1 Rf5 34. R1d7 Bf6 35. Rd1 1/2-1/2

[Event "*** Titled Tuesday 3|2 Blitz (Late)"]
[Site "Chess.com"]
[Date "2016.11.01"]
[Round "8"]
[White "MFBerna"]
[Black "ZEN-22"]
[Result "0-1"]
[WhiteElo "2186"]
[BlackElo "2225"]
[TimeControl "180+2"]
[EndTime "18:46:59 PDT"]
[Termination "ZEN-22 won on time"]

1. e4 d5 2. exd5 c6 3. d4 cxd5 4. c4 Nc6 5. Nc3 Nf6 6. Bg5 e6 7. Nf3 Be7 8. cxd5 Nxd5 9. Bxe7 Ndxe7 10. Bd3 h6 11. O-O O-O 12. Re1 a6 13. Re4 Nf5 14. Rg4 e5 15. dxe5 Ne3 16. Rxg7+ Kxg7 17. fxe3 Bg4 18.
Be2 Qxd1+ 19. Rxd1 Rad8 20. Rf1 b5 21. Ne4 Bxf3 22. Rxf3 Nxe5 23. Rg3+ Ng6 24. h4 h5 25. Bxh5 Rh8 26. Rg5 Rde8 27. Bxg6 fxg6 28. Nd6 Re6 29. Nf5+ Kf6 30. Nd4 Rxe3 31. Nf3 Re2 32. Rc5 Rxb2 33. Rc6+ Kf5 34. Rxa6 Rd8 35. Rc6 Rd3 36. Rc5+ Kf4 37.
Rg5 Ra3 38. Rxg6 Raxa2 39. h5 Ra1+ 40. Kh2 Rbb1 41. Rf6+ Kg4 42. Ne5+ Kxh5 43. Kg3 Rf1 44. Rxf1 Rxf1 0-1

[Event "*** Titled Tuesday 3|2 Blitz (Late)"]
[Site "Chess.com"]
[Date "2016.11.01"]
[Round "8"]
[White "KingFlorida"]
[Black "g2_g3"]
[Result "1-0"]
[WhiteElo "2291"]
[BlackElo "1856"]
[TimeControl "180+2"]
[EndTime "18:47:00 PDT"]
[Termination "KingFlorida won by resignation"]

1. d4 Nf6 2. Nf3 d5 3. g3 g6 4. Bg2 Bg7 5. O-O O-O 6. c4 dxc4 7.
Na3 c6 8. Nxc4 Nbd7 9. b3 Nb6 10. Bb2 Be6 11. Nfe5 Bd5 12. a4 Bxg2 13. Kxg2 Nxc4 14. bxc4 c5 15. d5 Nd7 16. Nxd7 Qxd7 17. Bxg7 Kxg7 18.
e4 b6 19. e5 Qf5 20. Re1 e6 21. f4 g5 22. fxg5 Qxg5 23. Re4 Qf5 24. Qg4+ Qxg4 25. Rxg4+ Kh8 26. Rf1 exd5 27. cxd5 Rae8 28. Rf5 f6 29. e6 Re7 30. Kf3 Rg7 31. Rxg7 Kxg7 32. d6 Rb8 33.
Ke4 Kg6 34. Rf3 Re8 35. Kd5 f5 36. d7 Rd8 37. Kd6 1-0

[Event "*** Titled Tuesday 3|2 Blitz (Late)"]
[Site "Chess.com"]
[Date "2016.11.01"]
[Round "8"]
[White "Rating-Schmating"]
[Black "calemcc"]
[Result "1-0"]
[WhiteElo "2248"]
[BlackElo "2206"]
[TimeControl "180+2"]
[EndTime "18:47:35 PDT"]
[Termination "Rating-Schmating won by checkmate"]

1. e4 e6 2. d4 d5 3. Nd2 Nc6 4. c3 e5 5. exd5 Qxd5 6. dxe5 Nxe5 7.
Qa4+ Bd7 8. Qe4 Nf6 9. Qxd5 Nxd5 10. Ngf3 Bd6 11. Nxe5 Bxe5 12. Nc4 Bf6 13. Ne3 Bc6 14. Bd2 O-O-O 15. O-O-O Nf4 16. f3 Nd3+ 17. Bxd3 Rxd3 18. Kc2 Rhd8 19. Ng4 Be7 20. Ne5 R3d5 21. Nxc6 bxc6 22.
Be3 Kb7 23. Rxd5 cxd5 24. Rd1 Bf6 25. Bd4 Bxd4 26. Rxd4 c6 27. c4 Kb6 28. cxd5 Kc5 29. Rg4 g6 30. dxc6 Kxc6 31. Rc4+ Kb6 32. Re4 Rd7 33.
b4 Kb5 34. Kc3 a6 35. Re5+ Kb6 36. a4 Rc7+ 37. Kd4 Rc1 38. Re7 Rb1 39. Kc3 Rh1 40. h3 Rg1 41. Rxf7 Rxg2 42. Rxh7 Rg3 43. Rh6 Rxf3+ 44.
Kc4 Rf4+ 45. Kc3 Rf3+ 46. Kd2 Rg3 47. h4 Kb7 48. Rh7+ Kb6 49. Rh6 Kb7 50. Kc2 Rg4 51. Kc3 Rg3+ 52. Kc4 Rg4+ 53. Kc5 Rg1 54. Rh7+ Kb8 55.
Kb6 Rb1 56. Rh8# 1-0

[Event "*** Titled Tuesday 3|2 Blitz (Late)"]
[Site "Chess.com"]
[Date "2016.11.01"]
[Round "8"]
[White "kereswasbest"]
[Black "Quiet_Desperation"]
[Result "0-1"]
[WhiteElo "2136"]
[BlackElo "2289"]
[TimeControl "180+2"]
[EndTime "18:47:38 PDT"]
[Termination "Quiet_Desperation won on time"]

1. d4 Nf6 2. c4 e6 3. Nc3 Bb4 4.
e3 b6 5. Bd3 O-O 6. Ne2 Bb7 7.
O-O d5 8. a3 Be7 9. f3 c5 10.
dxc5 bxc5 11. Rb1 Nbd7 12. b4 cxb4 13. axb4 dxc4 14. Bxc4 Rc8 15. Ba2 Nb6 16. e4 Nc4 17.
Na4 Qc7 18. Qb3 Rfd8 19. Bf4 e5 20. Qxc4 Qxc4 21. Bxc4 exf4 22. Bb3 g5 23. Nc5 Bxc5+ 24. bxc5 Ba6 25. Rfe1 Rxc5 26. h4 h6 27. Ra1 Bxe2 28.
Rxe2 a5 29. Rea2 Ra8 30. Kf2 Nd7 31. Bd5 Ra7 32. Rb2 Ne5 33. Rb8+ Kg7 34. hxg5 hxg5 35. Kg1 g4 36. Ra3 g3 37. Rb1 Rc2 38. Rba1 Rac7 39. Kf1 Rf2+ 0-1

[Event "*** Titled Tuesday 3|2 Blitz (Late)"]
[Site "Chess.com"]
[Date "2016.11.01"]
[Round "8"]
[White "jk13"]
[Black "SwiftyMcBishop"]
[Result "1-0"]
[WhiteElo "2526"]
[BlackElo "2120"]
[TimeControl "180+2"]
[EndTime "18:47:39 PDT"]
[Termination "jk13 won by resignation"]

1. e4 c5 2. c3 Nf6 3. e5 Nd5 4. Bc4 e6 5. Nf3 Nb6 6. Bb3 d6 7. exd6 Bxd6 8. O-O Nc6 9. d4 O-O 10. dxc5 Bxc5 11. Qe2 Qc7 12. Nbd2 Be7 13. a4 Na5 14. Ba2 Nd5 15. Ne4 b6 16. Ng3 Nf6 17. Ne5 Nc6 18. Bf4 Nxe5 19. Bxe5 Qc6 20. f4 Bb7 21. f5 Ng4 22. Bd4 e5 23. Nh5 exd4 24. Qxg4 Bf6 25. Bd5 Qd6 26. Bxb7 Rab8 27. Bf3 dxc3 28. Nxf6+ Qxf6 29. bxc3 Qxc3 30. Rfc1 Qe3+ 31.
Kh1 Rbc8 32. Re1 Qc3 33. h3 Rce8 34. Red1 Rd8 35. Rac1 Rxd1+ 36. Rxd1 Qf6 37. Qf4 Rd8 38. Rxd8+ Qxd8 39. Qe4 g6 40. fxg6 hxg6 41. Qa8 Qxa8 42. Bxa8 Kf8 43. Kg1 Ke7 44. Kf2 a6 45. Bb7 b5 46. a5 b4 47. Bxa6 Kd7 48. Bc4 Kc7 49. Bxf7 g5 50. Kf3 Kb7 51. Bc4 Ka7 52. Kg4 b3 53.
Bxb3 Ka6 54. Kxg5 Kxa5 55. h4 Kb4 56. h5 Kc5 57. h6 Kd4 58. h7 Ke3 59. h8=Q Kf2 60.
Qe5 Kxg2 61. Kg4 Kf2 62. Qe4 1-0

[Event "*** Titled Tuesday 3|2 Blitz (Late)"]
[Site "Chess.com"]
[Date "2016.11.01"]
[Round "8"]
[White "Wilsonpalencia"]
[Black "Genghis_K"]
[Result "0-1"]
[WhiteElo "2402"]
[BlackElo "2683"]
[TimeControl "180+2"]
[EndTime "18:47:43 PDT"]
[Termination "Genghis_K won by resignation"]

1. e4 e5 2. Nf3 Nc6 3. d4 exd4 4. Nxd4 Bc5 5. Nb3 Bb4+ 6. c3 Be7 7. Bf4 d6 8. Bd3 Bg5 9. Bg3 Nge7 10. O-O O-O 11.
f4 Bh6 12. Na3 f5 13. exf5 Bxf5 14. Bxf5 Nxf5 15. Qf3 Kh8 16. Rae1 Qd7 17. Bf2 Nfe7 18. Be3 Rf7 19. Nc2 Raf8 20. Qe4 Nf5 21. Bc1 d5 22.
Qe2 Nd6 23. Nc5 Qc8 24. Qe6 Qxe6 25. Nxe6 Rc8 26. g3 g6 27. Ned4 Nxd4 28. Nxd4 Bg7 29. Ne6 c6 30. Be3 b6 31. Nxg7 Kxg7 32. Bd4+ Kg8 33.
Re6 Ne4 34. c4 Rd7 35. cxd5 cxd5 36. f5 gxf5 37. Rxf5 Rf8 38. Ree5 Rxf5 39. Rxf5 h6 40. h4 Nxg3 41. Re5 Kf7 42. Kf2 Ne4+ 43. Ke3 Re7 44. Rxd5 Nf6+ 45. Re5 Ng4+ 46. Kf4 Nxe5 47. Bxe5 Ke6 48.
Bb8 Rf7+ 49. Kg4 a5 50. Bf4 h5+ 51. Kg3 Kf5 52. Be3 Rf6 53. Bd4 Rd6 54. Bg1 Rd3+ 55.
Kg2 Rd2+ 0-1

[Event "*** Titled Tuesday 3|2 Blitz (Late)"]
[Site "Chess.com"]
[Date "2016.11.01"]
[Round "8"]
[White "platy3"]
[Black "TheSovietChess"]
[Result "1-0"]
[WhiteElo "2701"]
[BlackElo "2553"]
[TimeControl "180+2"]
[EndTime "18:47:45 PDT"]
[Termination "platy3 won by resignation"]

1. e4 c5 2. Nf3 d6 3. d4 cxd4 4.
Nxd4 Nf6 5. Nc3 a6 6. h3 e6 7. g4 h6 8. Bg2 Be7 9. f4 Qb6 10.
Nb3 Nfd7 11. h4 Bxh4+ 12. Rxh4 Qg1+ 13. Bf1 Qg3+ 14. Ke2 Qxh4 15. Qxd6 Nc6 16. Be3 Nf6 17. Bg2 Nxg4 18. Bc5 Bd7 19. Rh1 Qd8 20. e5 Ne7 21. Bxb7 Nf5 22. Qd3 Rb8 23. Be4 Qc7 24.
Rd1 h5 25. Ke1 Rd8 26. Qxa6 Nge3 27. Rd2 Qb8 28. Bc6 h4 29. Ne4 h3 30. Rxd7 Rxd7 31.
Nd6+ Nxd6 32. Bxd6 h2 33. Bxb8 h1=Q+ 34. Bxh1 Rxh1+ 35. Ke2 Nf5 36. Nc5 Rh2+ 37. Kf3 Rh3+ 38. Kg2 Rg3+ 39.
Kf2 Rd2+ 40. Ke1 Rd8 41. Bd6 Nxd6 42. exd6 Kf8 43. Qb7 Re8 44. Nd7+ Kg8 45. Ne5 f6 46. Qf7+ Kh7 47. Qh5+ Kg8 48. Qxe8+ Kh7 49. Qg6+ Rxg6 50. Nxg6 Kxg6 51. d7 Kf5 52. d8=Q 1-0

[Event "*** Titled Tuesday 3|2 Blitz (Late)"]
[Site "Chess.com"]
[Date "2016.11.01"]
[Round "8"]
[White "Jahonas"]
[Black "norwaytoadog"]
[Result "1-0"]
[WhiteElo "2147"]
[BlackElo "1971"]
[TimeControl "180+2"]
[EndTime "18:47:56 PDT"]
[Termination "Jahonas won on time"]

1. d4 Nf6 2. c4 e6 3. Nf3 Bb4+ 4.
Bd2 a5 5. a3 Bxd2+ 6. Nbxd2 d6 7. e3 Nc6 8. Be2 e5 9. dxe5 dxe5 10. O-O O-O 11. Qc2 Qe7 12. Rad1 h6 13. Rfe1 Be6 14. h3 Nd7 15. Nb1 Nc5 16. Nc3 b6 17. Nd5 Bxd5 18.
cxd5 Nd8 19. Bb5 a4 20. Nd2 Ra5 21. Bc4 b5 22. Ba2 Ndb7 23. Ne4 Nxe4 24. Qxe4 Nd6 25. Qb4 Ra7 26. Rc1 Qg5 27. Rc5 f5 28. Rec1 Rf7 29.
Rxb5 f4 30. exf4 Rxf4 31. Rb8+ Kh7 32. Qc5 Ra6 33. Bb1+ e4 34. Qxc7 Qxd5 35. Rb6 Rxb6 36.
Qxb6 Qd2 37. Qe3 Rxf2 38. Bxe4+ Nxe4 39. Qxe4+ 1-0

[Event "*** Titled Tuesday 3|2 Blitz (Late)"]
[Site "Chess.com"]
[Date "2016.11.01"]
[Round "8"]
[White "spirals5"]
[Black "Peroncio"]
[Result "1-0"]
[WhiteElo "2287"]
[BlackElo "2466"]
[TimeControl "180+2"]
[EndTime "18:47:58 PDT"]
[Termination "spirals5 won by checkmate"]

1. e4 c5 2. Nc3 d6 3. g3 g6 4. Bg2 Bg7 5. d3 Nc6 6. f4 Rb8 7. Nf3 b5 8. O-O b4 9. Ne2 a5 10. Kh1 e6 11. Rb1 Nge7 12. Be3 O-O 13. d4 cxd4 14.
Nexd4 Ba6 15. Rf2 Qc7 16. Rd2 Rfd8 17. Nxc6 Nxc6 18. Qe1 a4 19. Qf2 Na5 20. b3 a3 21.
Bd4 Nc6 22. Bxg7 Kxg7 23. Rbd1 Kg8 24. h3 Ne7 25. g4 d5 26. e5 Rdc8 27. Qh4 Qd8 28. Ng5 h5 29. Ne4 Qf8 30. Nf6+ Kg7 31. Nd7 Qe8 32. Nxb8 Rxb8 33. gxh5 Nf5 34. Qf6+ Kh7 35.
hxg6+ fxg6 36. Rg1 Qf8 37. Qxe6 Ng3+ 38. Kh2 Qxf4 39.
Bxd5 Nf1+ 40. Kh1 Qxd2 41. Qxg6+ Kh8 42. Qg7# 1-0

[Event "*** Titled Tuesday 3|2 Blitz (Late)"]
[Site "Chess.com"]
[Date "2016.11.01"]
[Round "8"]
[White "PaulfromSPb"]
[Black "Gabrielian_Artur"]
[Result "1/2-1/2"]
[WhiteElo "2507"]
[BlackElo "2564"]
[TimeControl "180+2"]
[EndTime "18:48:01 PDT"]
[Termination "Game drawn by repetition"]

1. d4 Nf6 2. Bg5 c5 3. e3 e6 4. c3 Nc6 5. Nd2 d5 6. f4 h6 7.
Bxf6 Qxf6 8. Ngf3 g5 9. g3 gxf4 10. gxf4 Rg8 11. Bd3 Bd7 12. Qe2 cxd4 13. cxd4 Nb4 14. a3 Nxd3+ 15. Qxd3 a6 16. a4 Bb4 17. Kf2 Ke7 18. b3 Rac8 19. Rac1 Rxc1 20. Rxc1 Rg4 21. Rg1 Rxg1 22. Kxg1 Qg7+ 23. Kf2 f6 24. Nf1 Be8 25. Ng3 Qg6 26. f5 Qg4 27. Qc2 Bd6 28. fxe6 Bxg3+ 29. hxg3 Qxe6 30. Nh4 Kd8 31. Qh7 Qc8 32.
Qxh6 Qc2+ 33. Kg1 Qc1+ 34. Kh2 Qc2+ 35. Ng2 Ke7 36. a5 Bg6 37. Qg7+ Bf7 38. g4 Qxb3 39. Nh4 Qb2+ 40. Kg3 Qc1 41. Nf5+ Ke6 42. Qf8 Qg1+ 43. Kf3 Qf1+ 44. Kg3 Qg1+ 45. Kf3 Qf1+ 46. Kg3 Qg1+ 47. Kh3 Qh1+ 48. Kg3 Qg1+ 49. Kf3 Qf1+ 50. Kg3 Qg1+ 1/2-1/2

[Event "*** Titled Tuesday 3|2 Blitz (Late)"]
[Site "Chess.com"]
[Date "2016.11.01"]
[Round "8"]
[White "keisyzrk"]
[Black "KyronGriffith"]
[Result "1-0"]
[WhiteElo "2240"]
[BlackElo "2321"]
[TimeControl "180+2"]
[EndTime "18:48:04 PDT"]
[Termination "keisyzrk won by resignation"]

1. e4 c5 2. Nf3 d6 3. Bb5+ Nd7 4.
O-O Nf6 5. Re1 a6 6. Bd3 b6 7. c4 Bb7 8. Nc3 g6 9. Bc2 Bg7 10.
b3 O-O 11. Bb2 e5 12. Nd5 Nxd5 13. exd5 b5 14. d3 f5 15. a3 h6 16. b4 a5 17.
bxc5 Nxc5 18. d4 e4 19. dxc5 Bxb2 20. Rb1 Bxa3 21. c6 exf3 22. cxb7 Rb8 23. Rxb5 fxg2 24.
Re6 Kh7 25. Qe2 Rf7 26. Qf3 Qg5 27. Qxa3 Rfxb7 28. Re3 Rxb5 29. cxb5 f4 30. Re6 Qxd5 31. Rxg6 Kh8 32. Qc3+ Qe5 33. Qxe5+ dxe5 34. b6 h5 35. Be4 a4 36. b7 a3 37. Ra6 Kg7 38. Rxa3 1-0

[Event "*** Titled Tuesday 3|2 Blitz (Late)"]
[Site "Chess.com"]
[Date "2016.11.01"]
[Round "8"]
[White "nihalsarin"]
[Black "popov_m"]
[Result "0-1"]
[WhiteElo "2501"]
[BlackElo "2315"]
[TimeControl "180+2"]
[EndTime "18:48:29 PDT"]
[Termination "popov_m won by resignation"]

1. d4 Nf6 2. c4 g6 3. Nc3 Bg7 4.
e4 d6 5. Be2 O-O 6. Nf3 e5 7.
O-O Nc6 8. d5 Ne7 9. Qc2 Nd7 10.
Rd1 a5 11. Be3 f5 12. Ng5 Nf6 13. f3 Nh5 14. Ne6 Bxe6 15. dxe6 fxe4 16. fxe4 Nf4 17. c5 Nc6 18. cxd6 cxd6 19. Bc4 Kh8 20. Nb5 Qg5 21.
Kh1 Qg4 22. Nxd6 Nxe6 23. h3 Qg3 24. Bxe6 Qxe3 25. Nf7+ Rxf7 26. Bxf7 Nd4 27. Qd3 Qg5 28. Bd5 Rc8 29. Rd2 Bh6 30. Rf2 Rc1+ 31. Rxc1 Qxc1+ 32. Qf1 Qc5 33. Rf7 Bf4 34. Rxb7 Ne2 35. Qd1 Ng3+ 36. Kh2 Nxe4+ 37. g3 Bxg3+ 38. Kg2 Qf2+ 0-1

[Event "*** Titled Tuesday 3|2 Blitz (Late)"]
[Site "Chess.com"]
[Date "2016.11.01"]
[Round "8"]
[White "Rozum_Ivan"]
[Black "chito89"]
[Result "0-1"]
[WhiteElo "2602"]
[BlackElo "2505"]
[TimeControl "180+2"]
[EndTime "18:48:39 PDT"]
[Termination "chito89 won on time"]

1. d4 Nf6 2. c4 e6 3. Nc3 Bb4 4.
e3 c5 5. Bd3 Nc6 6. Ne2 O-O 7.
a3 Bxc3+ 8. Nxc3 cxd4 9. exd4 d5 10. Be3 dxc4 11. Bxc4 b6 12. O-O Bb7 13. Ba2 Ne7 14. Qd3 Rc8 15. Rad1 Nfd5 16. Bd2 Ng6 17. Bb1 Nxc3 18.
bxc3 Bd5 19. Rfe1 Qd6 20. Bc1 Qc6 21. Re3 f5 22. Rg3 Be4 23. d5 Bxd3 24. dxc6 Bxb1 25. h4 Nxh4 26. Bg5 Ng6 27. Rxb1 Rxc6 28. Bd2 Rd8 29. Be1 e5 30. Re3 e4 31. g4 fxg4 32. Rxe4 h5 33. Rb5 Rc5 34. Rxc5 bxc5 35. c4 Kf7 36. Bc3 Rd1+ 37.
Kg2 Rc1 38. Bd2 Rc2 39. Be3 Nh4+ 40. Kh2 Nf3+ 41. Kg3 g5 42. Bxc5 Rc1 43. Re7+ Kf6 0-1

[Event "*** Titled Tuesday 3|2 Blitz (Late)"]
[Site "Chess.com"]
[Date "2016.11.01"]
[Round "8"]
[White "FearlessKing64"]
[Black "cheese111"]
[Result "0-1"]
[WhiteElo "2154"]
[BlackElo "2267"]
[TimeControl "180+2"]
[EndTime "18:48:44 PDT"]
[Termination "cheese111 won on time"]

1. e4 d5 2. exd5 Nf6 3. Bb5+ Nbd7 4. Be2 Nxd5 5. d4 c6 6. Nf3 e6 7. O-O Bd6 8. c4 Nf4 9. Bxf4 Bxf4 10. d5 cxd5 11.
cxd5 exd5 12. Nc3 O-O 13. Nxd5 Bd6 14. Nd4 Nf6 15. Nc3 Re8 16. Bf3 Qb6 17. Qd2 Rd8 18. Na4 Qxd4 19. Qxd4 Bxh2+ 20. Kxh2 Rxd4 21. Rad1 Rxd1 22. Rxd1 Bg4 23. Bxg4 Nxg4+ 24. Kg3 Ne5 25. f4 Nc6 26.
Rd7 b6 27. Nc3 h6 28. Nb5 a6 29. Nd6 Rd8 30. Rxd8+ Nxd8 31. Kf3 Kf8 32. Ke4 Ne6 33. f5 Nc5+ 34. Kd5 Nd3 35. b3 Nf4+ 36. Kc6 Nxg2 37. Kxb6 h5 38. Kxa6 h4 39. Ne4 h3 40. Ng3 h2 41. b4 Ne3 42. b5 Nxf5 43. Nh1 Ke8 44. Kb7 Kd7 45. a4 g5 46. a5 g4 47. a6 g3 48. a7 g2 0-1

[Event "*** Titled Tuesday 3|2 Blitz (Late)"]
[Site "Chess.com"]
[Date "2016.11.01"]
[Round "8"]
[White "Nyzhnyk_Illia"]
[Black "theprosecution1"]
[Result "1-0"]
[WhiteElo "2585"]
[BlackElo "2512"]
[TimeControl "180+2"]
[EndTime "18:48:45 PDT"]
[Termination "Nyzhnyk_Illia won by resignation"]

1. d4 Nf6 2. c4 g6 3. g3 Bg7 4. Bg2 O-O 5. Nf3 d5 6. O-O dxc4 7.
Na3 c3 8. bxc3 c5 9. e3 Nc6 10. Bb2 Qa5 11. Nc4 Qa6 12. Nce5 Be6 13. Nxc6 Qxc6 14.
Ba3 Qc7 15. Bxc5 Ne4 16. Ba3 Qxc3 17. Qc1 Rfc8 18. Qxc3 Rxc3 19. Bxe7 Rac8 20. Ne5 Bd5 21. Bb4 Rc2 22. Nd3 f5 23. Rfc1 Kf7 24. a3 b6 25.
Be1 Rxc1 26. Rxc1 Rxc1 27. Nxc1 Bc4 28. Bf1 Bd5 29. h4 h6 30. f3 Nd6 31. Kf2 g5 32.
hxg5 hxg5 33. Bb4 Ke6 34. Ne2 a5 35. Bxd6 Kxd6 36. Nc3 Bc6 37. f4 gxf4 38. gxf4 Bf8 39. Bh3 Bd7 40. e4 fxe4 41. Nxe4+ Kc7 42. Bxd7 Kxd7 43. a4 Kc6 44. Nc3 Bb4 45. Nb5 Kd5 46.
Ke3 Bf8 47. Kd3 Bh6 48. Nc3+ Kc6 49. Ke4 Bg7 50. f5 Kd6 51. Nb5+ Kc6 52. Kf4 Kd5 53. Kg5 Kc4 54. f6 Bf8 55. Kg6 Kb4 56. d5 Kxa4 57. d6 Kxb5 58. d7 1-0

[Event "*** Titled Tuesday 3|2 Blitz (Late)"]
[Site "Chess.com"]
[Date "2016.11.01"]
[Round "8"]
[White "Izoria123"]
[Black "Evgeny_Levin"]
[Result "1/2-1/2"]
[WhiteElo "2587"]
[BlackElo "2714"]
[TimeControl "180+2"]
[EndTime "18:49:09 PDT"]
[Termination "Game drawn by repetition"]

1. Nf3 Nf6 2. c4 g6 3. g3 d5 4. cxd5 Nxd5 5. Bg2 Bg7 6. O-O c5 7. Nc3 O-O 8. Qa4 e6 9. d3 Nxc3 10. bxc3 Bxc3 11. Rb1 Bg7 12. Be3 Na6 13. Qa3 Rb8 14.
Bf4 Ra8 15. Rfc1 Qe7 16. d4 Rd8 17. dxc5 e5 18. Be3 Bf5 19. Rb5 e4 20. Nd2 Rac8 21. g4 Bxg4 22. Nxe4 Rd7 23. Nd6 Rcc7 24. Nxb7 Bxe2 25.
Qxa6 Bxb5 26. Qxb5 Rxb7 27. Bxb7 Rxb7 28. Qc4 Be5 29.
c6 Rb4 30. Qd5 Bc7 31. h3 h5 32. Bc5 Rb5 33. Bxe7 Rxd5 34. Bc5 a6 35. Be3 f5 36. Kf1 f4 37. Bxf4 Bxf4 38. c7 Bxc7 39. Rxc7 Ra5 40. Rc2 Ra3 41. Kg2 Kg7 42. h4 Kf6 43. Re2 Ra4 44. Kg3 Kf5 45. f3 a5 46. Rb2 Ra3 47. Rb5+ Kf6 48. Rb6+ Kg7 49. Rb7+ Kh6 50. Rb2 Ra4 51.
Rc2 Rb4 52. Rc5 a4 53. Ra5 Kg7 54. Ra6 Kf7 55. Kh3 Rc4 56. Kg3 Rd4 57. Kh3 Kg7 58. Kg3 Kh6 59. Ra7 Rb4 60. Kh3 Rd4 61. Kg3 Rb4 62. Kh3 Rd4 63. Kg3 1/2-1/2

[Event "*** Titled Tuesday 3|2 Blitz (Late)"]
[Site "Chess.com"]
[Date "2016.11.01"]
[Round "8"]
[White "wonderfultime"]
[Black "gmshanmeruga"]
[Result "1-0"]
[WhiteElo "2703"]
[BlackElo "2306"]
[TimeControl "180+2"]
[EndTime "18:49:18 PDT"]
[Termination "wonderfultime won by checkmate"]

1. d4 Nf6 2. c4 e6 3. Nf3 c5 4. d5 exd5 5. cxd5 d6 6. Nc3 g6 7. Bf4 Bg7 8. Qa4+ Bd7 9. Qb3 Qc7 10. e4 O-O 11. Nd2 Nh5 12. Be3 f5 13. exf5 gxf5 14.
Be2 Be8 15. O-O a6 16. Nf3 h6 17. a4 Nd7 18. Rfe1 Nhf6 19. Bd3 Ng4 20. Bd2 Nde5 21. Nxe5 Bxe5 22. h3 Bh2+ 23. Kh1 Nxf2+ 24. Kxh2 Nxd3 25. Re6 c4 26. Qd1 Bf7 27. Rxh6 Qe7 28. Qf3 Qe5+ 29. Kh1 b5 30. Rf1 b4 31. Ne2 Rae8 32.
Nf4 Nxf4 33. Bxf4 Qg7 34. Rxd6 a5 35. Bh6 Qe5 36. Bxf8 Rxf8 37. Qf4 Qxf4 38. Rxf4 c3 39. bxc3 bxc3 40. Rc4 Be8 41. Rxc3 Bxa4 42. Ra6 Bb5 43. Rxa5 Bf1 44. d6 Rd8 45. Rxf5 Ba6 46. Rd5 Kf7 47.
Rd4 Ke6 48. Re3+ Kd7 49. Re7+ Kc6 50. Rc7+ Kb6 51. Rc1 Bb5 52. h4 Rh8 53. Kh2 Be2 54. Rb4+ Ka5 55. Re4 Bh5 56. Rc5+ Kb6 57. Rc7 Bg6 58.
Rb4+ Ka6 59. d7 Rd8 60. Rc8 Be4 61. Rxd8 Bc6 62. Ra8+ Bxa8 63. d8=Q Bxg2 64. Qb6# 1-0

[Event "*** Titled Tuesday 3|2 Blitz (Late)"]
[Site "Chess.com"]
[Date "2016.11.01"]
[Round "8"]
[White "chessking2151"]
[Black "pedromartinez91"]
[Result "1-0"]
[WhiteElo "2335"]
[BlackElo "2283"]
[TimeControl "180+2"]
[EndTime "18:49:38 PDT"]
[Termination "chessking2151 won by resignation"]

1. e4 c5 2. Nf3 Nc6 3. Bb5 g6 4.
Bxc6 bxc6 5. O-O Bg7 6. d3 Rb8 7. c3 d6 8. Nbd2 f6 9. Rb1 Nh6 10. Qa4 Qb6 11. Nc4 Qb5 12. Qxa7 Rb7 13. Qa5 O-O 14. a4 Qb3 15. Bf4 g5 16. Bg3 Be6 17.
Rfc1 Rbb8 18. Nfd2 Qb7 19. b4 cxb4 20. Rxb4 Qd7 21.
Rcb1 Ra8 22. Qb6 f5 23. exf5 Nxf5 24. Ne4 Nxg3 25. hxg3 h6 26. a5 Bd5 27. Qb7 Qxb7 28. Rxb7 c5 29. Rxe7 Bxe4 30. dxe4 Bxc3 31. Rbb7 Bd4 32.
Nxd6 Rxf2 33. Kh2 Rxa5 34. Nf5 Ra8 35. Nxh6+ Kf8 36. Rf7+ Rxf7 37. Rxf7+ Ke8 38. Rf5 c4 39. Rd5 Rd8 40. Nf5 Rxd5 41. exd5 Be5 42. Ne3 c3 43. Kh3 Kd7 44. Kg4 Kd6 45. Kxg5 Bd4 46. Nc2 Kxd5 47.
Kf5 Kc4 48. Ke4 Bg7 49. g4 Bh6 50. g3 Bg5 51. Ne1 Bc1 52. Nd3 Bd2 53. Ne5+ Kb3 54. Nc6 Kc4 55. Ne5+ Kb3 56. Nf3 Bg5 57. Nd4+ Kc4 58.
Nc2 Bd2 59. Nd4 Bh6 60. Nc2 Bg5 61. Ne1 Kb3 62. Kd3 Kb2 63. Nc2 Bf6 64. Ne3 Bg5 65. Nd1+ Kc1 66. Nxc3 Bf6 67. Ne4 Be5 68. g5 Kd1 69. g6 Ke1 70. g4 Kf1 71. g5 Kg2 72. Nf6 Kg3 73. g7 Bxf6 1-0